 Dungeon Crawl Stone Soup version 0.29-a0-1047-g7c58e119a4 (webtiles) character file.

Game seed: 4320524596785316023

706 ytrimaz the Changer (level 7, -3/48 HPs)
             Began as a Demonspawn Transmuter on Aug 16, 2022.
             Slain by an orc
             ... wielding a +0 war axe
              (5 damage)
             ... on level 4 of the Dungeon.
             The game lasted 00:06:26 (5526 turns).

ytrimaz the Changer (Demonspawn Transmuter)         Turns: 5526, Time: 00:06:26

Health: -3/48      AC:  2    Str: 11    XL:     7   Next: 39%
Magic:  8/12       EV: 20    Int: 16    God:
Gold:   272        SH:  0    Dex: 28    Spells: 7/13 levels left

rFire   . . .      SeeInvis .     - Unarmed
rCold   . . .      Faith    .   (shield currently unavailable)
rNeg    . . .      Spirit   .   (body armour currently unavailable)
rPois   x          Reflect  .   (helmet currently unavailable)
rElec   .          Harm     .   (cloak currently unavailable)
rCorr   .          Rampage  .   (gloves currently unavailable)
Will    .....                   (boots currently unavailable)
Stlth   ++++......              (no amulet)
HPRegen 0.16/turn               g - +6 ring of dexterity
MPRegen 0.13/turn               (no ring)

@: spider-form, wereblooded, hasted, very quick
A: venomous fangs, tiny, (horns 1), thin skeletal structure 2, condensation
shield
a: End Transformation


You were on level 4 of the Dungeon.
You were a venomous arachnid creature.
You visited 1 branch of the dungeon, and saw 4 of its levels.
You also visited: Sewer.

You collected 272 gold pieces.

Inventory:

Armour
 a - a +1 robe (melded)
 i - a +0 cloak (melded)
Jewellery
 g - a +6 ring of dexterity (left front leg)
Wands
 r - a wand of digging (5)
Scrolls
 e - a scroll of amnesia
 f - a scroll of fear
 j - a scroll of enchant weapon
 l - a scroll of fog
 n - a scroll of identify
 p - 3 scrolls of teleportation {unknown}
Potions
 c - 2 potions of cancellation {unknown}
 d - 2 potions of haste
 h - a potion of heal wounds {unknown}
 k - a potion of mutation {unknown}
 m - a potion of invisibility {unknown}
 o - a potion of flight {unknown}
Miscellaneous
 b - a phantom mirror


   Skills:
 - Level 1.0 Fighting
 - Level 1.7 Dodging
 - Level 0.2 Shields
 - Level 2.6 Unarmed Combat
 - Level 3.6 Spellcasting
 * Level 6.9 Transmutations
 * Level 0.6 Poison Magic


You had 7 spell levels left.
You knew the following spells:

 Your Spells              Type           Power      Damage    Failure   Level
a - Beastly Appendage     Tmut           50%        N/A       5%          1
b - Wereblood             Tmut           25%        N/A       7%          2
c - Spider Form           Tmut/Pois      14%        N/A       26%         3

Your spell library contained the following spells:

 Spells                   Type           Power      Damage    Failure   Level
 Shock                    Conj/Air       8%         1d3       36%         1
 Ice Form                 Ice/Tmut       14%        N/A       61%         4
 Swiftness                Air            2%         N/A       67%         3
 Airstrike                Air            1%         2d(1-17)  95%         4


Dungeon Overview and Level Annotations

Branches:
Dungeon (4/15)              Sewer (visited)
 Temple: D:4-7

Altars:
Hepliaklqana
Qazlal
Yredelemnul

Shops:
D:3 (


Innate Abilities, Weirdness & Mutations

You are a venomous arachnid creature.
You have poisonous fangs.
You are tiny and dextrous.
Your spellcasting is less reliable in this form.
Your armour is entirely melded.
You are incapable of wielding weapons or throwing items.
((You have a pair of small horns on your head.))
You have a moderately thin skeletal structure. (Dex +4, Stealth++)
A meltable shield of frost defends you. (SH +0)


Message History

The orc priest closely misses you.
Unknown command.
You hit the orc priest.
The orc priest looks as sick as possible!
The orc priest is severely wounded.
You hit the orc priest but do no damage.
The orc priest is severely wounded.
The orc wizard misses you. Something barely misses you.
The orc priest drinks a potion.
The orc priest is healed!
The orc priest looks more healthy.
The orc misses you.
Unknown command.
You hit the orc priest.
The orc priest is poisoned.
The orc priest is severely wounded.
The orc wizard closely misses you.
You hear some strange, mumbled words.
A magic dart appears from out of thin air!
The magic dart hits you.
* * * LOW HITPOINT WARNING * * *
The orc misses you. The orc priest hits you with a +0 mace.
* * * LOW HITPOINT WARNING * * *
You hit the orc priest.
You feel a bit better.
You kill the orc priest!
You hear some strange, mumbled words.
Something tries to affect you, but you resist.
The orc wizard misses you. The orc completely misses you.
Unknown command.
You closely miss something. Something hits you.
* * * LOW HITPOINT WARNING * * *
The orc wizard barely misses you. The orc hits you with a +0 war axe!
* * * LOW HITPOINT WARNING * * *
You hit something.
You hear some strange, mumbled words.
A puff of flame appears from out of thin air!
The puff of flame misses you.
The puff of flame hits the orc wizard.
The orc wizard completely misses you. The orc completely misses you.
Unknown command.
You feel yourself speed up. Something hits you.
* * * LOW HITPOINT WARNING * * *
The orc hits you with a +0 war axe.
You die...

#...(....#......#...
#........#......#...
#........#......#...
#........#......#...
#........+......+...
#........#......#...
#........###+####.†.
#..)o)..............
+.os{...............
#...................
#...................
#...................
#................###
###......#########..
#......#..........
#......#..........
#......#..........


You could see an orc wizard and an orc.

Vanquished Creatures
  Grinder (Sewer)
  2 kobold brigands (Sewer)
  A quasit (Sewer)
  An orc priest (D:4)
  A scorpion zombie (D:3)
  Ijyb (D:4)
  A hound zombie (D:3)
  9 adders
  2 river rats (D:3)
  4 ufetubi (Sewer)
  3 adder zombies
  3 dart slugs
  6 orcs (D:3)
  11 ball pythons
  7 endoplasms
  7 giant cockroaches
  6 hobgoblins
  21 kobolds
  2 quokkas
  5 bats
  2 frilled lizards
  7 goblins
  A kobold zombie (Sewer)
  10 rats
114 creatures vanquished.

Vanquished Creatures (others)
  An adder zombie (Sewer)
  An endoplasm (Sewer)
2 creatures vanquished.

Grand Total: 116 creatures vanquished

Notes
Turn   | Place    | Note
-------+----------+-------------------------------------------
     0 | D:1      | ytrimaz the Demonspawn Transmuter began the quest for the
                  | Orb.
     0 | D:1      | Reached XP level 1. HP: 15/15 MP: 3/3
   175 | D:1      | Reached skill level 2 in Transmutations
   296 | D:1      | Gained mutation: A meltable shield of frost defends you.
                  | (SH +0) [demonic ancestry]
   296 | D:1      | Reached XP level 2. HP: 9/21 MP: 3/5
   908 | D:1      | Reached XP level 3. HP: 26/26 MP: 5/7
   929 | D:1      | Learned a level 2 spell: Wereblood
   933 | D:1      | Learned a level 3 spell: Spider Form
  2082 | D:2      | Identified the +0 buckler "Seet" {rC++ MP-9 SInv}
  2153 | D:2      | Gained mutation: You have a somewhat thin skeletal
                  | structure. (Dex +2, Stealth+) [demonic ancestry]
  2153 | D:2      | Reached XP level 4. HP: 20/32 MP: 7/9
  2723 | D:3      | Found a faded altar of an unknown god.
  2732 | D:3      | Reached skill level 3 in Transmutations
  2837 | D:3      | Found a glowing drain.
  3124 | Sewer    | Entered a sewer
  3354 | Sewer    | Found a burning altar of Makhleb.
  3354 | Sewer    | Noticed a kobold brigand
  3374 | Sewer    | Killed a kobold brigand
  3375 | Sewer    | Reached skill level 4 in Transmutations
  3375 | Sewer    | Gained mutation: You have a moderately thin skeletal
                  | structure. (Dex +4, Stealth++) [demonic ancestry]
  3375 | Sewer    | Reached XP level 5. HP: 32/37 MP: 3/10
  3483 | Sewer    | Noticed Grinder
  3515 | Sewer    | Paralysed by Grinder for 5 turns
  3526 | Sewer    | Killed Grinder
  3527 | Sewer    | Reached skill level 5 in Transmutations
  3527 | Sewer    | Reached XP level 6. HP: 11/43 MP: 11/11
  3538 | Sewer    | Reached skill level 6 in Transmutations
  3538 | Sewer    | Gained mutation: You have a pair of small horns on your
                  | head. [demonic ancestry]
  3538 | Sewer    | Reached XP level 7. HP: 16/48 MP: 12/12
  4089 | D:3      | Found a basalt altar of Yredelemnul.
  4191 | D:3      | Found a stormy altar of Qazlal.
  4642 | D:3      | Found Cauts's Antique Weapon Shoppe.
  4673 | D:3      | Found a hazy altar of Hepliaklqana.
  5118 | D:4      | Noticed Ijyb
  5139 | D:4      | Killed Ijyb
  5526 | D:4      | HP: 2/48 [something (1)]
  5526 | D:4      | Slain by an orc

Illustrated notes

Levels and vault maps discovered:
D:1:      lightli_arrival_chessboard, layout_basic,
          hangedman_decor_clover_reticule
D:2:      layout_loops_cross, nrook_campfire, minmay_pentomino_r2
D:3:      cheibrodos_old_hovel, layout_loops_corners,
          nzn_hepliaklqana_mist_gate, nicolae_yredelemnul_corpse_copse,
          mainiacjoe_overflow_boulevard, chequers_ecumenical_altar_island,
          serial_shops, shop_statue, portal_sewer_entry_b,
          hangedman_feature_mirror
D:4:      layout_gridville, serial_shops, shop, gammafunk_ghost_grave, uniq_ijyb

Skill      XL: |  1  2  3  4  5  6 |
---------------+-------------------+-----
Transmutations | 2 4 5 6 |  6.9
Spellcasting   | 3 |  3.6
Fighting       | |  1.0
Dodging        | |  1.7
Shields        | |  0.2
Unarmed Combat | |  2.6
Poison Magic   | |  0.6

Action                   |  1- 3 |  4- 6 |  7- 9 || total
-------------------------+-------+-------+-------++-------
Melee: Unarmed           |   130 |   127 |    95 ||   352
       Kick              |    21 |    14 |    20 ||    55
       Headbutt          |    11 |     7 |    13 ||    31
       Punch             |     1 |     2 |     4 ||     7
 Cast: Beastly Appendage |    22 |    10 |    11 ||    43
       Spider Form       |       |     5 |    11 ||    16
       Wereblood         |       |     5 |     3 ||     8
  Use: Scroll            |     3 |     6 |       ||     9
       Potion            |       |     5 |     2 ||     7
 Stab: Sleeping          |     2 |     6 |    10 ||    18
       Distracted        |       |     1 |       ||     1
Armor: Robe              |    17 |    19 |     8 ||    44
       Skin              |       |    33 |     2 ||    35
Dodge: Dodged            |    90 |   125 |    62 ||   277
Block: Other             |    24 |    34 |    13 ||    71

Table legend: (Time is in decaauts)
 A = Elapsed time spent in this place.
 B = Non-inter-level travel time spent in this place.
 C = Inter-level travel time spent in this place.
 D = Time resting spent in this place.
 E = Time spent auto-exploring this place.
 F = Levels seen in this place.
 G = Mean time per level.
                   A        B        C        D        E       F      G
               +--------+--------+--------+--------+--------+-----+--------+
         Total |   5507 |   5427 |     80 |     10 |   4353 |   5 | 1101.4 |
       Dungeon |   4733 |   4653 |     80 |      0 |   3866 |   4 | 1183.2 |
         Sewer |    774 |    774 |      0 |     10 |    486 |   1 |  774.0 |
               +--------+--------+--------+--------+--------+-----+--------+

Top non-repeatable levels by time:
     D:1: 1558 daAuts
     D:3: 1412 daAuts
     D:2: 1157 daAuts
   Sewer: 774 daAuts
     D:4: 605 daAuts
